 Dungeon Crawl Stone Soup version 0.32-a0-931-g5a2cda0630 (webtiles) character file.

Game seed: 4156046667286009739

49 Meejax the Slasher (level 3, -3/40 HPs)
             Began as a Demonspawn Gladiator on Apr 13, 2024.
             Slain by Grinder (6 damage)
             ... on level 3 of the Dungeon.
             The game lasted 00:05:06 (1990 turns).

Meejax the Slasher (Demonspawn Gladiator)           Turns: 1990, Time: 00:05:06

Health: -3/40      AC: 21    Str: 14    XL:     3   Next: 51%
Magic:  12/12      EV:  2    Int:  8    God:
Gold:   129        SH:  0    Dex: 16    Spells: 2/2 levels left

rFire   . .          .
                       - Unarmed
rCold   . . .        (no shield)
rNeg    . . .        b - melded +0 leather armour
rPois   +            c - melded +0 helmet
rElec   .            (cloak currently unavailable)
rCorr   .            (gloves currently unavailable)
SInv    .            (boots currently unavailable)
Will    .....        (no amulet)
Stlth   ++           f - ring of magical power
HPRegen 0.26/turn    (no ring)
MPRegen 0.13/turn

%: no passive effects
@: lethally poisoned (-3 -> -5), tree-form
A: stationary, stasis, torment immunity, boosted hp, (claws 1), (weakness
stinger 1)
a: no special abilities


You were on level 3 of the Dungeon.
You were a tree.
You visited 1 branch of the dungeon, and saw 3 of its levels.

You collected 129 gold pieces.

Inventory:

Missiles
 d - 5 throwing nets (quivered)
 e - a javelin
Armour
 b - a +0 leather armour (melded)
 c - a +0 helmet (melded)
Jewellery
 f - a ring of magical power (left branch)
Talismans
 g - a talisman of death
 h - a beast talisman (active)
 l - a maw talisman
Scrolls
 i - a scroll of immolation
 k - 2 scrolls of fog {unknown}
Potions
 m - a potion of might {unknown}


   Skills:
 + Level 2.0 Fighting
 - Level 3.0 Long Blades
 + Level 1.9 Throwing
 + Level 0.8 Armour
 + Level 2.9 Dodging
 + Level 0.3 Stealth
 * Level 1.1 Unarmed Combat
 * Level 0.9 Shapeshifting


You had 2 spell levels left.
You didn't know any spells.
Your spell library was empty.

Dungeon Overview and Level Annotations

Branches:
Dungeon (3/15)

Altars:

Annotations:
D:3 Grinder


Innate Abilities, Weirdness & Mutations

You are a tree.
Your roots penetrate the ground, keeping you stationary.
You cannot be teleported.
You are immune to unholy pain and torment.
Your maximum health is greatly increased.
Your equipment is partially melded.
((You have sharp fingernails.))
((You have a small tail.))


Message History

You feel better. The adder bites you but does no damage.
The adder closely misses you. Grinder gestures at you.
You suddenly lose the ability to move!
The adder bites you but does no damage. Grinder hits you but does no damage.
You can move again.
Throw: 5 throwing nets
Press: ? - help, Q - select action, (/) - cycle Shift-Dir - straight line, f - adder
Aim: an adder (heavily wounded, 38% to hit)
Okay, then.
The adder attacks as it pursues you! The adder barely misses you.
Grinder zaps a wand.
The puff of flame hits you! The adder bites you.
You are poisoned.
The adder poisons you!
It was a potion of lignification.
Your transformation has ended.
Your +0 helmet unmelds from your body.
You turn into a tree.
Your +0 helmet melds into your body.
Your +0 leather armour melds into your body.
Your roots penetrate the ground.
You feel sick. The adder bites you but does no damage.
You closely miss the adder.
The adder is heavily wounded.
You feel sick. The adder bites you but does no damage. Grinder hits you!
You writhe in agony.
You hit the adder.
The adder is severely wounded.
You feel sick. The adder bites you but does no damage.
Grinder zaps a wand.
The puff of flame hits you!
* * * LOW HITPOINT WARNING * * *
Unknown command.
You closely miss the adder.
The adder is severely wounded.
You feel sick. The adder bites you but does no damage.
Grinder hits you but does no damage. The adder bites you but does no damage.
You barely miss the adder.
The adder is severely wounded.
You feel sick. The adder bites you but does no damage. Grinder hits you.
You die...
Grinder sighs, "Dead already?
I want a refund."

#...## ##.... ###
..... ...#
...###.#.#
.........
#########....<.!#
....(.........#
........S.###....
.......♣5.####...
.................
............#.#..
................
.........#####...
.........# ..
........## .
##..###.########
#..............


You could see Grinder and an adder.

Vanquished Creatures
  2 adders (D:2)
  2 dart slugs
  2 endoplasms
  2 giant cockroaches
  A goblin (D:1)
  2 hobgoblins (D:2)
  6 jackals
  2 kobolds (D:1)
  A quokka (D:1)
  A ball python (D:3)
  2 frilled lizards
  A rat (D:3)
24 creatures vanquished.

Notes
Turn   | Place    | Note
-------+----------+-------------------------------------------
     0 | D:1      | Meejax the Demonspawn Gladiator began the quest for the
                  | Orb.
     0 | D:1      | Reached XP level 1. HP: 16/16 MP: 1/1
   526 | D:1      | Reached skill level 3 in Long Blades
   526 | D:1      | Discovered your monstrous ancestry.
   526 | D:1      | Gained mutation: You have sharp fingernails. [demonic
                  | ancestry]
   526 | D:1      | Reached XP level 2. HP: 22/22 MP: 2/2
  1253 | D:2      | Gained mutation: You have a small tail. [demonic ancestry]
  1253 | D:2      | Reached XP level 3. HP: 27/27 MP: 3/3
  1730 | D:2      | Reached skill level 1 in Unarmed Combat
  1974 | D:3      | Noticed Grinder
  1982 | D:3      | Paralysed by Grinder for 2 turns
  1990 | D:3      | Slain by Grinder

Illustrated notes

Levels and vault maps discovered:
D:1:      wheals_arrival_linesprint, layout_basic, dk_noncrumbling_2
D:2:      layout_basic
D:3:      layout_rooms, mainiacjoe_overflow_cross_hatched, serial_shops,
          nicolae_shop_tiny_glass, shapermc_ecumenical_altar_ellora,
          nrook_loot_triangle, uniq_grinder

Skill      XL: |  1  2  3 |
---------------+----------+-----
Long Blades    | 3 |  3.0
Unarmed Combat | 1 |  1.1
Fighting       | |  2.0
Throwing       | |  1.9
Armour         | |  0.8
Dodging        | |  2.9
Stealth        | |  0.3
Shapeshifting  | |  0.9

Action                     || total
---------------------------++-------
  Melee: Long sword        ||    25
         Unarmed           ||    76
         Tailslap          ||     6
  Throw: Throwing net      ||     1
    Use: Potion            ||     3
         Scroll            ||     2
   Stab: Held in net/web   ||     1
         Sleeping          ||     1
 Armour: Leather armour    ||    58
         Skin              ||    10
  Dodge: Dodged            ||    62
         Form:             ||     2
         Death             ||     2
         Beast             ||     1

Table legend: (Time is in decaauts)
 A = Elapsed time spent in this place.
 B = Non-inter-level travel time spent in this place.
 C = Inter-level travel time spent in this place.
 D = Time resting spent in this place.
 E = Time spent auto-exploring this place.
 F = Levels seen in this place.
 G = Mean time per level.
                   A        B        C        D        E       F      G
               +--------+--------+--------+--------+--------+-----+--------+
         Total |   1994 |   1863 |    131 |     96 |   1486 |   3 |  664.7 |
       Dungeon |   1994 |   1863 |    131 |     96 |   1486 |   3 |  664.7 |
               +--------+--------+--------+--------+--------+-----+--------+

Top non-repeatable levels by time:
     D:1: 1037 daAuts
     D:2: 826 daAuts
     D:3: 131 daAuts
